Map: Solaris LE

Players

noobdomg - Winner!

  • Race: Protoss Protoss
  • League: Diamond
  • Spawn Location: 1:00

SiPpyCuP

  • Race: Terran Terran
  • League: Diamond
  • Spawn Location: 7:00

VOD

Have the link to the VOD?

Description

Time

  • Played on: Oct. 15, 2023, 4:19 p.m.
  • Length: 22:46
Show
View Real Time Build Order
Export as new Build Order

noobdomg Protoss - Winner!

Build Orders: 1 Gate Expand, Blink Stalkers, Carriers 

Get SALT Encoding   

  12  0:00  Probe  
  13  0:13  Probe  
  14  0:20  Pylon  
  14  0:26  Probe  
  15  0:38  Gateway, Probe (Chrono Boost)  
  16  0:42  Assimilator  
  16  0:49  Probe (Chrono Boost)  
  17  0:53  Probe (Chrono Boost)  
  18  1:04  Probe  
  19  1:16  Probe  
  20  1:30  Cybernetics Core  
  20  1:31  Probe  
  20  1:40  Nexus  
  20  1:43  Pylon  
  20  1:54  Probe  
  20  1:55  Assimilator  
  21  2:04  Warp Gate (Chrono Boost)  
  21  2:07  Probe  
  22  2:09  Stalker  
  24  2:18  Gateway  
  24  2:19  Probe  
  25  2:29  Gateway  
  25  2:38  Gateway  
  25  2:49  Twilight Council  
  25  2:53  Probe (Chrono Boost)  
  25  2:58  Probe (Chrono Boost)  
  27  3:04  Probe (Chrono Boost)  
  27  3:05  Probe (Chrono Boost)  
  29  3:16  Probe x2  
  31  3:24  Blink (Chrono Boost)  
  31  3:28  Probe x2  
  33  3:40  Probe  
  34  3:41  Adept  
  34  3:42  Stalker x2  
  34  3:44  Stalker  
  42  3:51  Probe  
  42  3:52  Probe  
  42  4:03  Stalker  
  42  4:04  Shield Battery  
  44  4:18  Stalker  
  46  4:24  Pylon  
  46  4:27  Pylon  
  46  4:29  Pylon  
  46  4:32  Robotics Facility  
  46  4:42  Probe x2  
  46  4:45  Stalker x3  
  52  4:54  Probe x2  
  48  5:13  Stalker x3  
  50  5:15  Probe x2  
  50  5:17  Shield Battery  
  52  5:22  Shield Battery  
  52  5:24  Warp Prism (Chrono Boost)  
  52  5:26  Assimilator  
  52  5:27  Probe x2  
  56  5:28  Assimilator  
  56  5:37  Stalker x2  
  56  5:39  Probe  
  56  5:40  Probe  
  62  5:49  Stalker x2  
  66  5:59  Observer  
  66  6:01  Stalker  
  69  6:19  Nexus  
  69  6:20  Pylon  
  69  6:24  Pylon  
  69  6:39  Immortal, Probe x2  
  75  6:42  Charge (Chrono Boost)  
  75  6:51  Probe  
  66  7:02  Stalker x4  
  69  7:19  Pylon  
  69  7:21  Pylon  
  68  7:28  Stalker x4  
  68  7:29  Immortal (Chrono Boost)  
  78  7:39  Gateway  
  78  7:41  Gateway  
  78  7:42  Gateway  
  74  7:46  Gateway  
  64  8:09  Stalker x4  
  72  8:18  Observer (Chrono Boost)  
  71  8:27  Nexus  
  71  8:28  Pylon  
  71  8:31  Pylon  
  71  8:32  Warp Prism (Chrono Boost)  
  67  9:00  Stalker x7  
  77  9:24  Probe x2 (Chrono Boost)  
  76  9:36  Probe x2 (Chrono Boost)  
  78  9:39  Stalker x3  
  78  9:40  Stalker  
  78  9:44  Probe x2 (Chrono Boost)  
  88  9:50  Probe (Chrono Boost)  
  88  9:51  Probe x2 (Chrono Boost)  
  91  9:55  Probe (Chrono Boost)  
  91  9:56  Probe (Chrono Boost)  
  93  10:01  Forge  
  93  10:02  Probe  
  93  10:05  Probe  
  93  10:08  Stalker  
  93  10:13  Stalker  
  95  10:19  Stalker  
  97  10:31  Probe x3  
  100  10:40  Assimilator  
  100  10:42  Assimilator, Protoss Ground Weapons Level 1 (Chrono Boost)  
  100  10:43  Probe x3  
  103  10:54  Photon Cannon  
  103  10:55  Photon Cannon, Probe  
  104  10:58  Photon Cannon  
  104  10:59  Photon Cannon  
  104  11:07  Nexus  
  104  11:27  Probe x3  
  107  11:40  Templar Archives  
  107  11:44  Pylon  
  107  11:55  Stalker x5  
  117  12:02  Pylon  
  117  12:05  Pylon  
  117  12:08  Pylon  
  117  12:09  Forge  
  117  12:10  Pylon  
  117  12:14  Psionic Storm, Probe x3 (Chrono Boost)  
  124  12:23  Probe (Chrono Boost)  
  124  12:24  Probe x3 (Chrono Boost)  
  124  12:29  High Templar x8  
  140  12:33  Archon x4  
  134  12:54  Nexus  
  116  13:04  Pylon  
  112  13:06  Probe x2  
  112  13:07  Probe  
  112  13:08  Pylon  
  112  13:12  Zealot, Pylon  
  115  13:13  Zealot x7  
  115  13:14  Pylon  
  131  13:21  Gateway  
  131  13:24  Protoss Ground Weapons Level 2 (Chrono Boost), Protoss Ground Armor Level 1 (Chrono Boost)  
  131  13:26  Gateway  
  131  13:28  Gateway  
  131  13:30  Gateway  
  131  13:33  Gateway, Zealot x6  
  143  13:37  Probe x2  
  145  13:43  Zealot x2  
  149  13:48  Protoss Air Weapons Level 1 (Chrono Boost), Probe x2  
  151  13:58  Probe x2  
  153  14:04  Zealot x8  
  167  14:18  Stalker  
  167  14:24  Stalker x3  
  170  14:32  Zealot x7  
  170  14:33  Zealot x2  
  188  14:38  Probe  
  188  14:39  Probe x2  
  188  14:42  Cybernetics Core  
  191  14:48  Zealot x4  
  199  15:13  Pylon  
  197  15:14  Stargate  
  197  15:17  Stargate  
  197  15:19  Stargate x2  
  191  15:21  Stargate  
  175  15:32  Zealot  
  175  15:33  Zealot x12  
  175  15:35  Protoss Ground Armor Level 2 (Chrono Boost), Protoss Ground Weapons Level 3 (Chrono Boost)  
  155  15:58  High Templar x6  
  155  16:00  Zealot x6  
  155  16:01  Zealot  
  175  16:09  Archon x3  
  164  16:24  Fleet Beacon  
  134  16:36  Assimilator  
  134  16:37  Assimilator  
  134  16:40  Assimilator  
  134  16:41  Zealot x2  
  134  16:42  Zealot x11, Assimilator  
  134  16:45  Nexus  
  158  17:13  Nexus  
  158  17:15  Assimilator  
  158  17:20  Assimilator  
  154  17:23  Pylon  
  154  17:25  Pylon  
  154  17:26  Protoss Air Weapons Level 2 (Chrono Boost)  
  136  17:40  Carrier (Chrono Boost)  
  136  17:41  Carrier (Chrono Boost)  
  148  17:49  Unknown  
  96  18:00  Observer  
  93  18:05  Zealot  
  93  18:06  Zealot x9  
  118  18:15  Carrier (Chrono Boost)  
  118  18:19  Carrier (Chrono Boost)  
  125  18:22  Observer  
  125  18:23  Probe x3  
  129  18:30  Carrier (Chrono Boost)  
  135  18:37  Probe  
  135  18:38  Probe x2  
  138  18:46  Probe  
  139  18:50  Probe x2  
  153  19:05  Carrier (Chrono Boost)  
  153  19:06  Carrier (Chrono Boost)  
  153  19:12  Carrier (Chrono Boost)  
  131  19:36  Carrier (Chrono Boost)  
  109  19:44  Carrier (Chrono Boost)  
  117  20:20  Carrier (Chrono Boost)  
  117  20:40  Carrier (Chrono Boost)  
  111  20:56  Carrier  
  109  21:04  Probe  
  109  21:05  Probe  
  109  21:08  Probe x2  
  113  21:16  Probe  
  113  21:17  Carrier (Chrono Boost)  
  120  21:31  Probe x3  
  123  21:39  Observer  
  123  21:53  Observer  
Show
View Real Time Build Order
Export as new Build Order

SiPpyCuP Terran 

Build Orders: 2 Factory 

Get SALT Encoding   

  12  0:00  SCV  
  13  0:12  SCV  
  14  0:20  Supply Depot  
  14  0:24  SCV  
  15  0:42  SCV  
  16  0:43  Barracks  
  16  0:54  SCV  
  17  1:18  Command Center  
  17  1:20  SCV  
  18  1:31  Marine, Refinery  
  18  1:32  Refinery  
  19  1:37  SCV  
  20  1:45  Supply Depot  
  20  1:49  SCV  
  20  1:54  Marine  
  22  2:05  Orbital Command  
  22  2:12  Barracks Tech Lab  
  22  2:22  Factory  
  22  2:31  SCV  
  23  2:38  Marauder  
  23  2:41  Concussive Shells  
  25  2:45  SCV x2  
  27  2:58  Factory  
  27  3:03  Marauder  
  29  3:07  Factory Tech Lab  
  29  3:09  Factory Reactor  
  30  3:12  SCV  
  30  3:15  Orbital Command  
  30  3:24  Marauder  
  32  3:39  SCV  
  33  3:44  Factory Reactor  
  33  3:45  Marauder  
  33  3:48  Armory  
  35  3:51  Hellion x2  
  35  3:53  SCV  
  40  3:59  Supply Depot  
  34  4:21  Marauder  
  36  4:26  Hellion x4  
  36  4:28  SCV x2  
  46  4:32  Supply Depot  
  46  4:43  Marauder  
  48  4:45  Starport  
  46  5:04  Marauder  
  46  5:14  Hellion x4  
  53  5:28  SCV x2  
  53  5:29  Command Center, Marauder  
  53  5:30  Medivac  
  58  5:37  Refinery  
  58  5:38  Refinery  
  58  5:41  Supply Depot  
  58  5:47  Hellion x2  
  62  6:03  Hellion x2, Marauder  
  68  6:17  SCV x2  
  70  6:31  Liberator  
  70  6:32  Widow Mine x2, SCV  
  78  6:36  Factory  
  78  6:41  Widow Mine x2, Marauder, SCV  
  78  6:44  SCV  
  56  8:09  SCV x2  
  56  8:11  Widow Mine x4  
  66  8:17  SCV  
  66  8:18  Factory Tech Lab  
  66  8:19  Liberator  
  68  8:21  SCV, Marauder  
  68  8:25  Engineering Bay  
  71  8:28  Engineering Bay  
  71  8:34  Supply Depot  
  71  8:35  Supply Depot  
  71  8:36  Bunker  
  71  8:37  Widow Mine  
  71  8:38  Widow Mine x3  
  77  8:53  SCV x3  
  77  8:55  Siege Tank  
  83  8:56  Marauder  
  79  9:03  Missile Turret  
  79  9:05  SCV  
  79  9:08  Orbital Command  
  77  9:18  SCV x2  
  79  9:44  Missile Turret  
  79  9:50  SCV x2  
  79  9:51  SCV  
  82  9:58  Siege Tank  
  82  9:59  Hellion  
  93  10:00  Command Center, Hellion x3, Drilling Claws  
  93  10:01  Factory  
  93  10:02  Terran Vehicle Weapons Level 1  
  93  10:04  Factory, Armory  
  93  10:24  Missile Turret  
  93  10:47  Factory Tech Lab  
  93  10:48  Factory Tech Lab  
  93  10:50  Siege Tank  
  93  10:55  Terran Vehicle And Ship Armor Level 1  
  94  11:21  Siege Tank x2  
  94  11:22  Hellion x3  
  106  11:34  Missile Turret  
  106  11:36  Missile Turret  
  106  11:54  Siege Tank  
  106  11:55  Siege Tank, Hellion x5  
  121  12:02  Liberator  
  124  12:17  Missile Turret  
  124  12:46  Missile Turret  
  124  12:52  Hellion x2  
  124  12:55  Hellion  
  124  12:59  Missile Turret  
  124  13:01  Missile Turret  
  124  13:31  Terran Vehicle Weapons Level 2, Terran Vehicle And Ship Armor Level 2  
  124  13:33  Missile Turret  
  124  13:34  Siege Tank x2, Hellion x4  
  138  13:38  Supply Depot x2  
  138  13:42  Thor  
  138  13:47  Planetary Fortress  
  144  13:53  Sensor Tower  
  144  13:55  Hellion x2  
  148  14:05  Thor  
  148  14:06  Siege Tank, Missile Turret  
  148  14:09  Refinery  
  157  14:13  Refinery  
  157  14:24  Hellion x3, Widow Mine  
  162  14:25  Siege Tank  
  162  14:27  Infernal Pre-Igniter  
  162  14:38  Siege Tank  
  165  14:43  SCV x4  
  165  14:45  Widow Mine  
  171  15:23  Widow Mine  
  171  15:24  Widow Mine  
  171  15:26  Widow Mine x2  
  170  15:31  Siege Tank  
  170  15:32  Siege Tank  
  170  15:34  Thor  
  157  15:45  Widow Mine x2  
  157  15:47  Widow Mine  
  157  15:48  Hellion  
  162  16:06  Siege Tank, Hellion x2  
  162  16:08  Hellion  
  157  16:16  Hellion  
  157  16:17  Hellion  
  157  16:24  Thor  
  155  16:27  Siege Tank  
  155  16:28  Widow Mine  
  155  16:29  Hellion  
  120  16:38  Thor, Hellion x2  
  130  16:43  Orbital Command  
  124  16:58  Thor  
  127  17:07  Thor  
  133  17:14  Missile Turret  
  133  17:15  Missile Turret  
  133  17:21  Siege Tank  
  100  17:42  Siege Tank  
  97  17:49  Thor  
  87  18:00  Siege Tank  
  87  18:01  Hellion x4  
  98  18:13  SCV x2  
  98  18:14  Siege Tank  
  103  18:25  SCV  
  104  18:30  Widow Mine  
  104  18:32  Siege Tank  
  109  18:36  Orbital Command  
  109  18:41  Widow Mine  
  109  18:42  Widow Mine  
  109  18:45  Thor  
  119  18:57  SCV x2  
  119  18:59  Refinery  
  119  19:00  Refinery  
  121  19:04  Thor  
  121  19:07  Widow Mine  
  129  19:13  Refinery  
  129  19:14  Refinery  
  129  19:16  Missile Turret  
  129  19:28  Thor  
  109  19:42  Widow Mine x2  
  109  19:43  Hellion x2  
  109  19:44  Hellion  
  111  19:48  Hellion  
  105  20:04  Hellion x2  
  105  20:05  Hellion x3  
  101  20:18  Widow Mine x2  
  103  20:21  Hellion x2  
  103  20:22  Hellion x2  
  103  20:25  Hellion x2  
  61  21:07  Thor  
  61  21:08  Widow Mine x4  
  61  21:09  Widow Mine  
  68  21:30  SCV  
  68  21:31  SCV x2  
  71  21:35  Hellion x6  
  78  21:51  Hellion  
  79  21:56  Widow Mine x2  
  79  21:57  Widow Mine x4  
  88  22:12  Widow Mine  
  90  22:17  Widow Mine  
  90  22:18  Widow Mine x4  
Tags
 
Add a new tag
Caveats
  • Supply blocks, unpowered buildings, or Contaminate may cause inaccurate times.
  • Supply counts are checked every 10 seconds.